 Dungeon Crawl Stone Soup version 0.24.0-13-gcf9b3192b9 (webtiles) character file.

Game seed: 17266233889327623185, levelgen mode: deterministic

238 Lanoc the Skirmisher (level 5, -3/47 HPs)
             Began as a Draconian Fighter on Nov 6, 2019.
             Killed from afar by an orc wizard (6 damage)
             ... with a puff of flame
             ... on level 3 of the Dungeon.
             The game lasted 00:04:06 (2229 turns).

Lanoc the Skirmisher (Draconian Fighter)            Turns: 2229, Time: 00:04:07

Health: -3/47      AC:  5    Str: 23    XL:     5   Next: 78%
Magic:  5/5        EV: 11    Int:  9    God:
Gold:   143        SH:  0    Dex: 11    Spells: 3/4 levels left

rFire    . . .     SeeInvis .   a - +0 long sword
rCold    . . .     Gourm    .   b - +0 shield
rNeg     . . .     Faith    .   (armour unavailable)
rPois    +         Spirit   .   (helmet restricted)
rElec    .         Reflect  .   (no cloak)
rCorr    .         Harm     .   (no gloves)
MR       .....                  (no boots)
Stlth    ++........             (no amulet)
HPRegen  0.15/turn              l - ring of poison resistance
MPRegen  0.09/turn              g - ring of stealth

@: confused, mighty
A: unfitting armour, cold-blooded, AC +5
a: no special abilities


You were on level 3 of the Dungeon.
You were hungry.

You visited 1 branch of the dungeon, and saw 4 of its levels.

You collected 143 gold pieces.

Inventory:

Hand Weapons
 a - a +0 long sword (weapon)
Armour
 b - a +0 shield (worn)
Jewellery
 g - a ring of stealth (right hand)
 l - a ring of poison resistance (left hand)
Scrolls
 e - a scroll of random uselessness {unknown}
 f - 2 scrolls of fog {unknown}
 h - a scroll of teleportation {unknown}
 i - 2 scrolls of remove curse {unknown}
 j - 3 scrolls of identify {unknown}
 k - 3 scrolls of enchant armour {unknown}
Comestibles
 d - 9 rations


   Skills:
 + Level 4.3 Fighting
 * Level 4.1 Long Blades
 + Level 3.5 Dodging
 + Level 3.9 Shields


You had 3 spell levels left.
You knew the following spells:

 Your Spells              Type           Power        Failure   Level  Hunger
a - Apportation           Tloc           #.....       86%         1    ##.....

Your spell library contained the following spells:

 Spells                   Type           Power        Failure   Level  Hunger
 Animate Skeleton         Necr           N/A          86%         1    ##.....
 Confusing Touch          Hex            #.....       86%         1    ##.....
 Summon Small Mammal      Summ           #...         86%         1    ##.....


Dungeon Overview and Level Annotations

Branches:
Dungeon (4/15)
 Temple: D:4-7

Altars:
Ashenzari
Nemelex Xobeh
Uskayaw
Xom


Innate Abilities, Weirdness & Mutations

Your plain brown scales are hard. (AC +5)
You cannot fit into any form of body armour.
You are cold-blooded and may be slowed by cold attacks.


Message History

Something hits you.
You closely miss something. Something hits you.
* * * LOW HITPOINT WARNING * * *
You closely miss something.
Your tail-slap misses something.
You hear some strange, mumbled words.
You are confused.
You closely miss something. Something hits you.
* * * LOW HITPOINT WARNING * * *
You hear some strange, mumbled words.
A puff of flame appears from out of thin air!
The puff of flame hits you.
* * * LOW HITPOINT WARNING * * *
You're too confused to move!
Something hits you but does no damage.
You closely miss something. Something hits you.
* * * LOW HITPOINT WARNING * * *
You bump into the rock wall.
You hear some strange, mumbled words.
A puff of flame appears from out of thin air!
The puff of flame hits you.
You die...

..o ..#.# #.# #'##.#.# #.#
#o†....# #.# ####o### #.#
#.# #.# #o# #.#
#.#########.#
###############...........#
#............@{o..........#
#.#######################.#
#.# #.# #.# #.# #.# #.# #.#
#.#
##.#######################.#
#..........................#
##.#######################.#


You could see an orc.

Vanquished Creatures
  A howler monkey (D:3)
  2 orc priests
  An iguana (D:4)
  A gnoll (D:1)
  4 adders
  3 worms
  A dart slug (D:2)
  5 leopard geckos
  2 orcs (D:3)
  7 bats
  5 goblins
  6 hobgoblins
  3 jackals (D:2)
  12 kobolds
  A quokka (D:2)
  3 frilled lizards
  2 rats
59 creatures vanquished.

Notes
Turn   | Place    | Note
-------+----------+-------------------------------------------
     0 | D:1      | Lanoc the Draconian Fighter began the quest for the Orb.
     0 | D:1      | Reached XP level 1. HP: 19/19 MP: 1/1
    97 | D:1      | Reached XP level 2. HP: 8/26 MP: 2/2
   613 | D:2      | Reached XP level 3. HP: 19/31 MP: 3/3
   851 | D:2      | Learned a level 1 spell: Apportation
  1103 | D:2      | Found a shattered altar of Ashenzari.
  1145 | D:2      | You fall into a shaft and drop 2 floors!
  1288 | D:4      | Reached XP level 4. HP: 16/40 MP: 4/4
  1585 | D:3      | Found a hide-covered altar of Uskayaw.
  1585 | D:3      | Noticed a +0 hand axe
  1585 | D:3      | Noticed a +0 dagger
  1591 | D:3      | Reached XP level 5. HP: 12/46 MP: 5/5
  1940 | D:3      | Found a shimmering altar of Xom.
  2083 | D:3      | Found a sparkling altar of Nemelex Xobeh.
  2229 | D:3      | Killed from afar by an orc wizard

Levels and vault maps discovered:
D:1:      eino_arrival_cavern_b, layout_loops_ring, minmay_small_reverse_x
D:2:      layout_rooms, lemuel_zombie_altar_kikubaaqudgha,
          nicolae_ashenzari_panopticon
D:3:      layout_basic, overflow_temple_1_default, dancing_weapons_uskayaw,
          lemuel_crystal_altar, uniq_grinder
D:4:      layout_cave_pods

Skill      XL: |  1  2  3  4  5 |
---------------+----------------+-----
Dodging        | 3 |  3.5
Long Blades    | 3 4 |  4.1
Fighting       | 4 |  4.3
Shields        | |  3.9

Action                   |  1- 3 |  4- 6 || total
-------------------------+-------+-------++-------
Melee: Long sword        |   137 |    82 ||   219
       Tailslap          |    20 |    15 ||    35
  Use: Potion            |       |     3 ||     3
  Eat: Chunk             |     2 |     2 ||     4
Armor: Skin              |    57 |    24 ||    81
Dodge: Dodged            |    87 |    36 ||   123
Block: Shield            |    86 |    30 ||   116
       Rpst.: Long sword |    28 |    13 ||    41
